 Dungeon Crawl Stone Soup version 0.28-b1-25-g9875b3fc8c (webtiles) character file.

Game seed: 7061517832344032588

38541 b960 the Peltast (level 13, -2/118 HPs)
             Began as a Minotaur Berserker on Feb 2, 2022.
             Was an Elder of Trog.
             Slain by a 15-headed hydra (7 damage)
             ... on level 2 of the Lair of Beasts.
             The game lasted 02:17:08 (23182 turns).

b960 the Peltast (Minotaur Berserker)              Turns: 23182, Time: 02:17:08

Health: -2/118     AC: 16    Str: 32    XL:     13   Next: 64%
Magic:  12/12      EV: 10    Int:  4    God:    Trog [****..]
Gold:   1072       SH: 23    Dex: 11    Spells: 12/12 levels left

rFire   . . .      SeeInvis +   m - +5 long sword
rCold   . . .      Faith    .   h - +0 tower shield of the Land of Plenty {Slay+2 SInv}
rNeg    . . .      Spirit   .   S - +0 chain mail {Will+}
rPois   .          Reflect  +   T - +1 hat
rElec   .          Harm     .   u - scarf {repulsion}
rCorr   .          Rampage  +   t - +0 pair of gloves
Will    +....                   o - +1 pair of boots {rampage}
Stlth   ..........              b - amulet of reflection
HPRegen 0.29/turn               C - +6 ring of strength
MPRegen 0.13/turn               J - +4 ring of slaying

@: on berserk cooldown, slowed, repel missiles, very slow
A: horns 2, retaliatory headbutt
a: Renounce Religion, Berserk, Trog's Hand, Brothers in Arms


You were on level 2 of the Lair of Beasts.
You worshipped Trog.
Trog was greatly pleased with you.
You visited 2 branches of the dungeon, and saw 16 of its levels.
You also visited: Ossuary.

You collected 1117 gold pieces.
You spent 45 gold pieces at shops.

Inventory:

Hand Weapons
 m - a +5 long sword (weapon)
 y - a +5 halberd
Missiles
 r - 36 poisoned darts (quivered)
 H - 5 curare-tipped darts
Armour
 h - the +0 tower shield of the Land of Plenty (worn) {Slay+2 SInv}
   (You found it on level 3 of the Dungeon)

   Slay:      It affects your accuracy & damage with ranged weapons and melee
   (+2).
   SInv:      It lets you see invisible.
 o - a +1 pair of boots of rampaging (worn)
 t - a +0 pair of gloves (worn)
 u - a scarf of repulsion (worn)
 S - a +0 chain mail of willpower (worn)
 T - a +1 hat (worn)
 U - the +2 leather armour "Zashrenta" {Str+4}
   (You found it on level 10 of the Dungeon)

   Str:       It affects your strength (+4).
 Y - the +1 robe "Nasenur" {*Slow Fly Dex+2}
   (You found it on level 2 of the Lair of Beasts)

   Dex:       It affects your dexterity (+2).
   Fly:       It grants you flight.
   *Slow:     It may slow you when you take damage.
Jewellery
 b - an amulet of reflection (around neck)
 j - an amulet of the acrobat
 x - the ring "Duruategg" {Fire Fly Will- Str+7 Dex-3}
   (You found it on level 11 of the Dungeon)

   [ring of fire]

   It enhances your fire magic.
   Str:       It affects your strength (+7).
   Dex:       It affects your dexterity (-3).
   rF:        It protects you from fire.
   rC:        It makes you vulnerable to cold.
   Fly:       It grants you flight.
   Will:      It decreases your willpower.
 C - a +6 ring of strength (left hand)
 J - a +4 ring of slaying (right hand)
 N - a ring of magical power
 O - a ring of willpower
 V - a +6 ring of intelligence
 X - an amulet of guardian spirit
 Z - a ring of ice
Wands
 d - a wand of iceblast (18)
 z - a wand of flame (31)
 B - a wand of paralysis (5)
 K - a wand of polymorph (8)
 Q - a wand of mindburst (8)
Scrolls
 e - 8 scrolls of amnesia
 i - a scroll of silence {unknown}
 l - 5 scrolls of noise
 n - a scroll of vulnerability {unknown}
 s - a scroll of enchant armour {unknown}
 A - 5 scrolls of teleportation
 D - a scroll of blinking {unknown}
 E - 4 scrolls of magic mapping
 G - 2 scrolls of immolation
 I - a scroll of torment {unknown}
 L - a scroll of acquirement {unknown}
 M - 2 scrolls of enchant weapon
 R - 3 scrolls of fog
Potions
 c - 4 potions of brilliance
 f - 4 potions of lignification
 g - 3 potions of curing
 k - 6 potions of heal wounds
 p - 4 potions of attraction
 q - 3 potions of might
 v - 4 potions of flight
 w - a potion of cancellation {unknown}
 F - a potion of resistance
 P - 2 potions of haste {unknown}
Miscellaneous
 a - a tin of tremorstones (2/2)
 W - a phial of floods


   Skills:
 + Level 12.1 Fighting
 + Level 15.1 Long Blades
 + Level 10.2 Armour
 + Level 9.1 Dodging
 + Level 3.7 Stealth
 + Level 15.7 Shields
 + Level 0.1 Evocations


You had 12 spell levels left.
You didn't know any spells.
Your spell library was empty.

Dungeon Overview and Level Annotations

Branches:
Dungeon (14/15)            Temple (0/1) D:7            Lair (2/6) D:9
    Orc (0/2) D:10         Vaults (0/5) D:13        Ossuary (visited)
  Swamp: Lair:2-4    Shoals: Lair:2-4     Snake: Lair:2-4    Spider: Lair:2-4

Altars:
Ashenzari
Cheibriados
Dithmenos
Fedhas
Kikubaaqudgha
Makhleb
Okawaru
Qazlal
Sif Muna
Trog
Uskayaw
Yredelemnul
Zin
The Shining One

Shops:
D:8 [*   D:13 [

Annotations:
D:14 Louise


Innate Abilities, Weirdness & Mutations

You have a pair of horns on your head.
You reflexively headbutt those who attack you in melee.


Message History

You block the 14-headed hydra's attack.
The 14-headed hydra bites you but does no damage. x2
You block the 14-headed hydra's attack. x3
The 14-headed hydra bites you but does no damage.
The 14-headed hydra bites you!
The 14-headed hydra bites you but does no damage.
The 14-headed hydra closely misses you. You block the 14-headed hydra's attack.
The 14-headed hydra barely misses you. x2
The 14-headed hydra bites you but does no damage.
You chop one of the 14-headed hydra's heads off!
The 13-headed hydra grows two more!
You slice the 15-headed hydra!!
The 15-headed hydra is heavily wounded.
The 15-headed hydra bites you!
You block the 15-headed hydra's attack. x2
The 15-headed hydra bites you!
* * * LOW HITPOINT WARNING * * *
The 15-headed hydra bites you.
* * * LOW HITPOINT WARNING * * *
The 15-headed hydra bites you but does no damage. x2
The 15-headed hydra bites you.
* * * LOW HITPOINT WARNING * * *
You block the 15-headed hydra's attack. The 15-headed hydra closely misses you.
The 15-headed hydra completely misses you.
The 15-headed hydra barely misses you. The 15-headed hydra bites you!
* * * LOW HITPOINT WARNING * * *
The 15-headed hydra bites you but does no damage.
You block the 15-headed hydra's attack.
You feel a strong urge to attack something.
You are no longer berserk.
You are exhausted.
You feel yourself slow down.
You block the 15-headed hydra's attack. x2
The 15-headed hydra bites you but does no damage.
You block the 15-headed hydra's attack. x2; The 15-headed hydra bites you!
* * * LOW HITPOINT WARNING * * *
You block the 15-headed hydra's attack.
The 15-headed hydra bites you but does no damage.
The 15-headed hydra bites you!
* * * LOW HITPOINT WARNING * * *
The 15-headed hydra bites you!
You die...

#.........#....# #... #..#.
#.............## ##....##....
#.............## #.....#P....
#..............# #......[.#.
#..............# ####....P#..[.
#####.######..####.........)...
## #...# #..........(...
##.D####.............
#P..@#...............
##....................
#............^.....>#.
##....................
#..................#.
#..................#.
#.#................#.
###..............###.
#............


You could see a 15-headed hydra.

Vanquished Creatures
  2 boulder beetles
  Fannar (D:11)
  A hydra (D:11)
  A vault guard (D:13)
  The ghost of comborobin the Brawler, a novice TrCA of Ignis (D:11)
  Erica (D:11)
  5 two-headed ogres
  The ghost of comborobin the Brawler, a novice TrCA of Ignis (D:9)
  3 centaur warriors
  2 death knights
  2 skeletal warriors (D:11)
  Pikel (D:8)
  2 cyclopes
  A deep elf pyromancer (D:12)
  3 ugly things
  3 manticores
  2 black mambas
  A torpor snail (Lair:1)
  A gargoyle (D:10)
  A kobold demonologist (D:12)
  2 unseen horrors (D:12)
  Maggie (D:6)
  8 komodo dragons
  2 freezing wraiths (D:12)
  4 trolls
  A meliai (D:13)
  A hornet (D:9)
  A merfolk (D:12)
  A hornet (shapeshifter) (D:13)
  Grinder (D:3)
  A blink frog (shapeshifter) (D:13)
  Sigmund (D:3)
  3 centaur simulacra (D:11)
  3 wraiths
  A spriggan (D:9)
  A water elemental (D:11)
  A wyvern (D:9)
  Eustachio (D:6)
  29 yaks
  5 basilisks
  Grum (D:8)
  A steam dragon (D:8)
  A human (D:11)
  Menkaure (D:4)
  Edmund (D:5)
  4 vampire mosquitoes
  10 water moccasins
  Duvessa (D:4)
  3 acid dragons
  2 sky beasts (D:7)
  3 orc warriors
  6 ice beasts
  A necrophage (D:5)
  7 wolves
  6 centaurs
  An ogre (D:5)
  A phantom (D:3)
  3 lemures (D:8)
  An elf zombie (Ossuary)
  A kobold brigand (D:8)
  11 bullfrogs
  3 wyvern zombies (D:8)
  2 scorpions
  A water moccasin zombie (D:6)
  Dowan (D:4)
  12 wights
  9 killer bees
  3 howler monkeys
  4 centaur zombies
  7 electric eels
  A hound (D:4)
  A jelly (D:5)
  5 orc priests
  A gnoll shaman (D:3)
  Terence (D:3)
  2 iguanas
  10 orc wizards
  A killer bee zombie (D:8)
  2 mummies (Ossuary)
  2 howler monkey skeletons (D:7)
  6 adders
  11 gnolls
  7 howler monkey zombies
  2 white imps (D:11)
  2 adder zombies (Ossuary)
  7 worms
  A dart slug (D:1)
  24 orcs
  4 endoplasms
  6 giant cockroaches
  5 goblins
  7 hobgoblins
  6 kobolds
  3 quokkas
  3 ball pythons
  2 bats (D:3)
  A frilled lizard (D:2)
  A goblin zombie (Ossuary)
  10 hobgoblin zombies (Ossuary)
  A jackal zombie (Ossuary)
  8 kobold zombies (Ossuary)
  11 orc zombies (Ossuary)
  4 rats
  3 rat zombies (Ossuary)
  A bush (D:9)
373 creatures vanquished.

Vanquished Creatures (collateral kills)
  A boulder beetle (D:11)
  A wraith (D:11)
2 creatures vanquished.

Vanquished Creatures (others)
  A kobold (D:12)
  4 fungi
  22 plants
27 creatures vanquished.

Grand Total: 402 creatures vanquished

Notes
Turn   | Place    | Note
-------+----------+-------------------------------------------
     0 | D:1      | b960 the Minotaur Berserker began the quest for the Orb.
     0 | D:1      | Reached XP level 1. HP: 19/19 MP: 0/0
   574 | D:1      | Reached XP level 2. HP: 27/27 MP: 1/1
   657 | D:1      | Found a faded altar of an unknown god.
   904 | D:1      | Reached XP level 3. HP: 16/34 MP: 2/2
  1589 | D:2      | Found a shimmering blue altar of Sif Muna.
  2557 | D:3      | Reached XP level 4. HP: 41/41 MP: 3/3
  2568 | D:3      | Reached skill level 5 in Long Blades
  2693 | D:3      | Noticed a phantom
  2707 | D:3      | Killed a phantom
  2708 | D:3      | Reached skill level 5 in Fighting
  2708 | D:3      | Reached XP level 5. HP: 25/48 MP: 4/4
  3045 | D:3      | Noticed Sigmund
  3194 | D:3      | Identified the +0 tower shield of the Land of Plenty
                  | {Slay+2 SInv}
  3475 | D:3      | Noticed Grinder
  3476 | D:3      | Paralysed by Grinder for 5 turns
  3490 | D:3      | Paralysed by Grinder for 7 turns
  3499 | D:3      | Killed Grinder
  3500 | D:3      | Reached XP level 6. HP: 27/56 MP: 5/5
  4125 | D:3      | Noticed Terence
  4139 | D:3      | Killed Sigmund
  4140 | D:3      | Reached skill level 1 in Stealth
  4140 | D:3      | Reached skill level 1 in Shields
  4140 | D:3      | Reached XP level 7. HP: 61/61 MP: 6/6
  4140 | D:3      | Reached ** piety under Trog
  4142 | D:3      | Killed Terence
  4143 | D:3      | Reached skill level 5 in Armour
  4269 | D:3      | Found a shimmering blue altar of Sif Muna.
  4493 | D:4      | Found a sand-covered staircase.
  4493 | D:4      | Noticed Duvessa
  4493 | D:4      | Noticed Dowan
  4500 | D:4      | Killed Duvessa
  4506 | Ossuary  | Entered an ossuary
  5245 | Ossuary  | Reached *** piety under Trog
  5383 | D:4      | Killed Dowan
  5730 | D:4      | Found a glowing golden altar of the Shining One.
  5923 | D:4      | Reached XP level 8. HP: 70/70 MP: 7/7
  6112 | D:4      | Noticed Menkaure
  6120 | D:4      | Killed Menkaure
  6412 | D:5      | Entered Level 5 of the Dungeon
  6465 | D:5      | Noticed Edmund
  6476 | D:5      | Killed Edmund
  6528 | D:5      | Found a bloodstained altar of Trog.
  7308 | D:6      | Reached skill level 5 in Shields
  7520 | D:6      | Noticed Maggie
  7528 | D:6      | Killed Maggie
  7529 | D:6      | Reached XP level 9. HP: 78/78 MP: 8/8
  7590 | D:6      | Reached skill level 10 in Long Blades
  7698 | D:6      | Found a stormy altar of Qazlal.
  7789 | D:6      | Found a burning altar of Makhleb.
  7823 | D:6      | Reached skill level 5 in Dodging
  7884 | D:6      | Noticed Eustachio
  7918 | D:6      | Killed Eustachio
  8106 | D:6      | Found a glowing silver altar of Zin.
  8107 | D:6      | Noticed an angel
  8107 | D:6      | Noticed a balrug
  8263 | D:7      | Reached **** piety under Trog
  8284 | D:7      | Reached XP level 10. HP: 61/85 MP: 9/9
  8524 | D:7      | Found a staircase to the Ecumenical Temple.
  8708 | D:7      | Noticed a cyan ugly thing
  8714 | D:7      | Killed a cyan ugly thing
  9193 | D:7      | Found an ancient bone altar of Kikubaaqudgha.
  9470 | D:8      | Found Owios's Antique Armour Shop.
  9481 | D:8      | Found Uttoikan's Island Escapes.
  9499 | D:8      | Noticed Grum
  9508 | D:8      | Killed Grum
  9564 | D:8      | Noticed Pikel
  9575 | D:8      | Killed Pikel
  9788 | D:8      | Found a basalt altar of Yredelemnul.
 10590 | D:9      | Noticed a centaur warrior
 10595 | D:9      | Noticed comborobin's ghost (novice TrCA)
 10729 | D:9      | Reached skill level 10 in Shields
 10753 | D:9      | Noticed a cyan ugly thing
 10858 | D:9      | Reached XP level 11. HP: 88/97 MP: 10/10
 10972 | D:10     | Entered Level 10 of the Dungeon
 11209 | D:9      | Found a transporter.
 11209 | D:9      | Found a transporter.
 11229 | D:9      | Reached ***** piety under Trog
 11322 | D:9      | Found a staircase to the Lair.
 11352 | D:9      | Found a snail-covered altar of Cheibriados.
 12067 | D:10     | Found a staircase to the Orcish Mines.
 12172 | D:10     | Found a blossoming altar of Fedhas.
 12264 | D:10     | Found a shadowy altar of Dithmenos.
 12313 | D:10     | Noticed a two-headed ogre
 12321 | D:10     | Killed a two-headed ogre
 12368 | D:10     | Found an iron altar of Okawaru.
 12394 | D:10     | Identified the +2 leather armour "Zashrenta" {Str+4}
 12712 | D:11     | Noticed a +0 short sword
 12712 | D:11     | Noticed a +0 short sword
 12712 | D:11     | Noticed a +0 spear
 12713 | D:11     | Noticed a +0 falchion
 12713 | D:11     | Noticed a +0 dagger
 12714 | D:11     | Noticed a +0 spear
 12714 | D:11     | Noticed a +0 falchion
 12715 | D:11     | Noticed a +0 dagger
 12721 | D:11     | Found a hide-covered altar of Uskayaw.
 12747 | D:11     | Noticed a boulder beetle
 12758 | D:11     | Noticed Fannar
 12930 | D:11     | Noticed a two-headed ogre
 13142 | D:11     | Killed a boulder beetle
 13824 | D:11     | Noticed a five-headed hydra
 13843 | D:11     | Killed a ten-headed hydra
 14036 | D:11     | Noticed a death knight
 14050 | D:11     | Killed a death knight
 14051 | D:11     | Noticed a skeletal warrior
 14069 | D:11     | Noticed a boulder beetle
 14076 | D:11     | Killed a skeletal warrior
 14077 | D:11     | Reached skill level 10 in Fighting
 14094 | D:11     | Killed a boulder beetle
 14095 | D:11     | Reached XP level 12. HP: 21/106 MP: 11/11
 14723 | D:11     | Noticed comborobin's ghost (novice TrCA)
 14773 | D:11     | Found a runed translucent gate.
 14773 | D:11     | Found a runed translucent gate.
 14774 | D:11     | Found a runed translucent gate.
 14808 | D:11     | Killed a two-headed ogre
 14920 | D:11     | Noticed Erica
 14936 | D:11     | Killed Erica
 14957 | D:11     | Killed Fannar
 15460 | D:11     | Noticed a two-headed ogre
 15468 | D:11     | Killed a two-headed ogre
 15564 | D:10     | Found a broken altar of Ashenzari.
 16059 | D:12     | Noticed a two-headed ogre
 16065 | D:12     | Noticed a centaur warrior
 16077 | D:12     | Killed a two-headed ogre
 16088 | D:12     | Killed a centaur warrior
 16472 | D:12     | Noticed a two-headed ogre
 16494 | D:12     | Killed a two-headed ogre
 16584 | D:13     | Found Sadux's Antique Armour Shop.
 16697 | D:12     | Noticed a death knight
 18047 | D:12     | Killed a death knight
 18709 | D:13     | Noticed a centaur warrior
 18717 | D:13     | Killed a centaur warrior
 18718 | D:13     | Reached XP level 13. HP: 116/116 MP: 12/12
 19037 | D:13     | Found a gate to the Vaults.
 19402 | D:14     | Noticed Louise
 19602 | D:11     | Killed comborobin's ghost
 19619 | D:11     | Got the ring "Duruategg" {Fire Fly Will- Str+7 Dex-3}
 19986 | D:9      | Killed comborobin's ghost
 19998 | D:9      | Reached skill level 15 in Shields
 20004 | D:9      | Reached skill level 15 in Long Blades
 20967 | D:8      | Bought a scroll of teleportation for 45 gold pieces
 21121 | Lair:1   | Entered Level 1 of the Lair of Beasts
 22506 | Lair:2   | Reached skill level 10 in Armour
 22541 | Lair:2   | Identified the +1 ring mail "Kaitoh" {rN+ Int+2}
 22550 | Lair:2   | Identified the +1 robe "Nasenur" {*Slow Fly Dex+2}
 23182 | Lair:2   | HP: 5/118 [15-headed hydra (8)]
 23182 | Lair:2   | Slain by a 15-headed hydra

Illustrated notes

Levels and vault maps discovered:
D:1:      lemuel_arrival_muddy, layout_basic, basic_ecumenical_altar
D:2:      layout_basic, basic_altar
D:3:      layout_basic, general_overflow_altar, minmay_misc_feat_square,
          uniq_sigmund, uniq_grinder, uniq_terence
D:4:      layout_rooms, mainiacjoe_overflow_paths, nicolae_ossuary_entry_plus,
          item_on_display_a, uniq_menkaure, uniq_duvessa
D:5:      layout_basic, lightli_temple_of_fire, uniq_edmund
D:6:      layout_rooms, grunt_temple_overflow_order_and_chaos_2,
          kennysheep_mini_moat, uniq_maggie, uniq_eustachio
D:7:      layout_basic, mainiacjoe_overflow_alcove_2,
          minmay_temple_entry_poolview, minmay_misc_feat_pillars
D:8:      layout_cave_pods, nicolae_yredelemnul_corpse_copse, serial_shops,
          nicolae_shop_competitors_out_of_business, nicolae_island_escapes,
          uniq_pikel, uniq_grum
D:9:      layout_long_grid, nicolae_overflow_crystal_walls,
          minmay_lair_entry_grove, nzn_ghost_randoct, the_hattery
D:10:     layout_rooms, fedhas_altar_fruit_tree, kennysheep_mini,
          nicolae_overflow_hidden_temple, orc_0_dummy
D:11:     layout_basic, gammafunk_ghost_icy, nicolae_uskayaw_en_pointe,
          uniq_erica, uniq_fannar
D:12:     layout_cave_pools, kennysheep_donut, hangedman_stone_soup
D:13:     layout_rooms, david_vaults_5, serial_shops, shop
D:14:     layout_loops_ring, nicolae_figureground_sparkle,
          nicolae_fountain_basement, uniq_louise
Lair:1:   layout_hall_layers, serial_bayou_lake_a, grunt_megastairs_4,
          infiniplex_staircase_pool
Lair:2:   minmay_guarded_unrand_snakebite, layout_gridlike, minivault_19,
          minivault_25

Skill      XL: |  1  2  3  4  5  6  7  8  9 10 11 12 13 |
---------------+----------------------------------------+-----
Long Blades    | 4 5 6 7 9 11 12 13 14 15 | 15.1
Fighting       | 4 5 6 8 9 10 11 12 | 12.1
Armour         | 3 4 5 6 7 8 9 10 | 10.2
Dodging        | 3 4 5 6 7 8 9 |  9.1
Stealth        | 1 2 3 |  3.7
Shields        | 1 3 5 7 10 12 14 15 | 15.7
Evocations     | |  0.1

Action                   |  1- 3 |  4- 6 |  7- 9 | 10-12 | 13-15 || total
-------------------------+-------+-------+-------+-------+-------++-------
Melee: Falchion          |    60 |    46 |   312 |   386 |       ||   804
       Headbutt          |     6 |     7 |    69 |   130 |    76 ||   288
       Punch             |     2 |       |       |       |       ||     2
       Long sword        |       |       |       |   145 |   273 ||   418
Invok: Berserk           |     2 |     2 |    11 |    18 |     3 ||    36
       Trog's Hand       |       |       |       |     1 |     1 ||     2
       Brothers in Arms  |       |       |       |     1 |       ||     1
Evoke: Wand              |       |       |       |     1 |       ||     1
  Use: Scroll            |       |       |     5 |    12 |     2 ||    19
       Potion            |       |       |       |     6 |     2 ||     8
Armor: Animal skin       |     4 |       |       |       |       ||     4
       Ring mail         |     8 |    13 |    38 |       |       ||    59
       Acid dragon scale |       |       |    15 |   103 |       ||   118
       Chain mail        |       |       |       |       |    42 ||    42
Dodge: Dodged            |    37 |    23 |    48 |   144 |    49 ||   301
Block: Tower shield      |       |    17 |   273 |   550 |   212 ||  1052
       Reflection        |       |     2 |     2 |    18 |     8 ||    30
